 Dungeon Crawl Stone Soup version 0.29-a0-360-g8ed1089bbe (webtiles) character file.

Game seed: 2423233669448430884

924 ytrimaz the Covered (level 7, -6/54 HPs)
             Began as a Demonspawn Berserker on Apr 28, 2022.
             Was a Priest of Trog.
             Mangled by Menkaure (10 damage)
             ... on level 6 of the Dungeon.
             The game lasted 00:05:54 (5180 turns).

ytrimaz the Covered (Demonspawn Berserker)          Turns: 5180, Time: 00:05:54

Health: -6/54      AC: 22    Str: 18 (19) XL:     7   Next: 84%
Magic:  7/7        EV:  6    Int:  5 (8)  God:    Trog [***...]
Gold:   330        SH:  5    Dex: 10 (13) Spells: 6/6 levels left

rFire   . . .      SeeInvis .   k - +2 dagger (venom)
rCold   . . .      Faith    .   (no shield)
rNeg    + . .      Spirit   .   m - +0 plate armour
rPois   .          Reflect  +   p - +1 helmet
rElec   .          Harm     .   l - +1 cloak
rCorr   +          Rampage  .   (no gloves)
Will    .....                   u - +0 pair of boots
Stlth   ..........              d - amulet of reflection
HPRegen 0.18/turn               e - ring of positive energy
MPRegen 0.10/turn               (no ring)

@: mighty, flying
A: yellow scales 3, demonic magic 1
a: Renounce Religion, Berserk, Trog's Hand


You were on level 6 of the Dungeon.
You worshipped Trog.
Trog was most pleased with you.
You visited 1 branch of the dungeon, and saw 6 of its levels.

You collected 330 gold pieces.

Inventory:

Hand Weapons
 a - a +0 hand axe
 k - a +2 dagger of venom (weapon)
Armour
 l - a +1 cloak (worn)
 m - a +0 plate armour (worn)
 p - a +1 helmet (worn)
 u - a +0 pair of boots (worn)
Jewellery
 d - an amulet of reflection (around neck)
 e - a ring of positive energy (left hand)
 q - a ring of flight
Scrolls
 r - a scroll of fear
 s - a scroll of enchant armour
Potions
 b - 2 potions of curing
 h - a potion of haste {unknown}
 i - a potion of heal wounds {unknown}
 j - 3 potions of lignification {unknown}
 n - 2 potions of invisibility {unknown}
 o - 2 potions of brilliance {unknown}
 t - a potion of attraction {unknown}


   Skills:
 + Level 4.2 Fighting
 * Level 4.6 Short Blades
 - Level 3.3 Axes
 * Level 5.3 Armour
 - Level 1.9 Dodging
 + Level 2.1 Shields


You had 6 spell levels left.
You didn't know any spells.
Your spell library was empty.

Dungeon Overview and Level Annotations

Branches:
Dungeon (6/15)
 Temple: D:4-7

Altars:
Gozag
Kikubaaqudgha
Qazlal
Uskayaw

Shops:
D:3 =

Annotations:
D:3 1 runed translucent door
D:6 Edmund, Menkaure


Innate Abilities, Weirdness & Mutations

You are completely covered in yellow scales. (AC +4, rCorr)
Spells you cast may paralyse adjacent enemies.


Message History

The sky beast looks as sick as possible!
The sky beast is severely wounded.
The sky beast hits you but does no damage.
You are too injured to fight recklessly!
You completely miss the sky beast.
The sky beast is severely wounded.
The sky beast hits you but does no damage.
Unknown command.
It was a potion of curing.
You feel better.
The sky beast flickers out of sight!
Deactivating autopickup; reactivate with Ctrl-A.
Something hits you. Something shocks you.
Unknown command.
It was a potion of degeneration.
There was something very wrong with that liquid.
You feel weakened.
You feel dopey.
You feel clumsy. Menkaure breathes soot at you.
Something hits you but does no damage.
It was a potion of flight.
You feel very buoyant.
You fly up into the air.
Trog accepts your kill.
Reactivating autopickup.
You feel a bit more experienced. You block Menkaure's attack.
Unknown command.
It was a potion of might.
You feel very mighty all of a sudden.
Menkaure gestures at you while chanting.
Pain shoots through your body!
* * * LOW HITPOINT WARNING * * *
Unknown command.
Unknown command.
You puncture Menkaure!
Menkaure is heavily damaged.
Menkaure hits you!
* * * LOW HITPOINT WARNING * * *
You hit Menkaure.
Menkaure is heavily damaged.
Menkaure hits you!
You die...

#..# #..............
##..###.............
###>...##.......$.....
#.......##............
..>...#..##...........
.......#..#...........
........#..#..@.......
.........#.###M###..#
.........###..@.$####
..........##.#.###
...........#.._.
...........###.#.
...........# ....#
..........[# #.# #
....<......# #.#
...........# #.#
##......<.##


You could see Edmund and Menkaure (fast).

Vanquished Creatures
  Grinder (D:4)
  A steam dragon (D:6)
  An orc warrior (D:4)
  A sky beast (D:6)
  A black bear (D:4)
  A bullfrog (D:3)
  A necrophage (D:5)
  The ghost of pigah the Gusty, a weakling OpAE (D:3)
  A hound (D:4)
  An orc wizard (D:4)
  5 adders
  2 white imps (D:5)
  5 worms
  3 dart slugs
  11 orcs
  7 endoplasms
  3 giant cockroaches
  5 goblins
  2 hobgoblins
  3 quokkas
  5 ball pythons
  5 bats
  2 frilled lizards (D:2)
  6 kobolds
  2 rats
76 creatures vanquished.

Vanquished Creatures (others)
  A giant cockroach (D:3)
  A bat (D:3)
2 creatures vanquished.

Grand Total: 78 creatures vanquished

Notes
Turn   | Place    | Note
-------+----------+-------------------------------------------
     0 | D:1      | ytrimaz the Demonspawn Berserker began the quest for the
                  | Orb.
     0 | D:1      | Reached XP level 1. HP: 18/18 MP: 1/1
   115 | D:1      | Found a faded altar of an unknown god.
   368 | D:1      | Gained mutation: You are partially covered in yellow
                  | scales. (AC +2) [demonic ancestry]
   368 | D:1      | Reached XP level 2. HP: 16/24 MP: 2/2
  1529 | D:2      | Gained mutation: You are mostly covered in yellow scales.
                  | (AC +3) [demonic ancestry]
  1529 | D:2      | Reached XP level 3. HP: 29/29 MP: 3/3
  1592 | D:2      | Reached skill level 2 in Armour
  1875 | D:2      | Reached ** piety under Trog
  2328 | D:3      | Found Quwe's Jewellery Shoppe.
  2393 | D:3      | Found a hide-covered altar of Uskayaw.
  2477 | D:3      | Found a runed translucent door.
  2478 | D:3      | Noticed a bullfrog
  2483 | D:3      | Noticed pigah's ghost (weakling OpAE)
  2583 | D:3      | Found a runed translucent door.
  2714 | D:3      | Reached XP level 4. HP: 37/37 MP: 4/4
  3123 | D:3      | Reached skill level 1 in Short Blades
  3210 | D:3      | Killed a bullfrog
  3237 | D:3      | Reached XP level 5. HP: 38/42 MP: 5/5
  3249 | D:3      | Killed pigah's ghost
  3250 | D:3      | Reached skill level 3 in Armour
  3325 | D:4      | Noticed an orc warrior
  3342 | D:4      | Killed an orc warrior
  3343 | D:4      | Reached skill level 1 in Shields
  3343 | D:4      | Gained mutation: Spells you cast may paralyse adjacent
                  | enemies. [demonic ancestry]
  3343 | D:4      | Reached XP level 6. HP: 26/48 MP: 6/6
  3552 | D:4      | Noticed Grinder
  3555 | D:4      | Paralysed by Grinder for 6 turns
  3576 | D:4      | Paralysed by Grinder for 5 turns
  3585 | D:4      | Killed Grinder
  3586 | D:4      | Reached skill level 4 in Armour
  3619 | D:4      | Found a stormy altar of Qazlal.
  3651 | D:4      | Gained mutation: You are completely covered in yellow
                  | scales. (AC +4, rCorr) [demonic ancestry]
  3651 | D:4      | Reached XP level 7. HP: 54/54 MP: 7/7
  3902 | D:4      | Found an ancient bone altar of Kikubaaqudgha.
  4326 | D:5      | Entered Level 5 of the Dungeon
  4555 | D:5      | Reached *** piety under Trog
  5126 | D:6      | Noticed a steam dragon
  5136 | D:6      | Killed a steam dragon
  5137 | D:6      | Reached skill level 5 in Armour
  5158 | D:6      | Found an opulent altar of Gozag.
  5158 | D:6      | Noticed Menkaure
  5159 | D:6      | Noticed Edmund
  5180 | D:6      | Mangled by Menkaure

Illustrated notes

Levels and vault maps discovered:
D:1:      saegor_arrival_under_anarchy, layout_basic,
          shapermc_ecumenical_altar_mp_urbaneastern
D:2:      layout_loops_ring, serial_rivers, chequers_serial_rivers_room_b,
          chequers_serial_rivers_marsh, chequers_serial_rivers_micro_d,
          chequers_serial_rivers_micro_d, chequers_serial_rivers_large_a,
          minmay_strange_pillars
D:3:      layout_basic, mainiacjoe_overflow_24_doors, ebering_ghost_sewer_f,
          serial_shops, nicolae_shop_trees, small_statue_intersection,
          amcnicky_mini_corridor_feature, lemuel_old_faithful
D:4:      layout_cave_pods, lemuel_coloured_pillars_altar,
          nicolae_qazlal_general_emergency, minivault_26, uniq_grinder
D:5:      layout_basic, minmay_misc_feat_diagonals
D:6:      layout_cave_pods, nicolae_gozag_cash_rules_everything_around_me,
          serial_shops, kennysheep_little_box, uniq_edmund, uniq_menkaure

Skill      XL: |  1  2  3  4  5  6  7 |
---------------+----------------------+-----
Axes           | 3 |  3.3
Armour         | 2 3 4 5 |  5.3
Short Blades   | 1 2 3 4 |  4.6
Shields        | 1 2 |  2.1
Fighting       | 4 |  4.2
Dodging        | |  1.9

Action                   |  1- 3 |  4- 6 |  7- 9 || total
-------------------------+-------+-------+-------++-------
Melee: Hand axe          |    64 |       |       ||    64
       Dagger            |    55 |    85 |   136 ||   276
       Punch             |       |       |     1 ||     1
  Use: Scroll            |     3 |       |     3 ||     6
       Potion            |       |       |     4 ||     4
 Stab: Sleeping          |     1 |       |       ||     1
Armor: Animal skin       |     4 |       |       ||     4
       Chain mail        |    59 |       |       ||    59
       Plate armour      |    21 |    57 |    90 ||   168
Dodge: Dodged            |    50 |    19 |    22 ||    91
Block: Other             |    16 |     7 |    24 ||    47
       Reflection        |     1 |       |       ||     1

Table legend: (Time is in decaauts)
 A = Elapsed time spent in this place.
 B = Non-inter-level travel time spent in this place.
 C = Inter-level travel time spent in this place.
 D = Time resting spent in this place.
 E = Time spent auto-exploring this place.
 F = Levels seen in this place.
 G = Mean time per level.
                   A        B        C        D        E       F      G
               +--------+--------+--------+--------+--------+-----+--------+
         Total |   5178 |   4975 |    203 |     30 |   4109 |   6 |  863.0 |
       Dungeon |   5178 |   4975 |    203 |     30 |   4109 |   6 |  863.0 |
               +--------+--------+--------+--------+--------+-----+--------+

Top non-repeatable levels by time:
     D:3: 1129 daAuts
     D:1: 1126 daAuts
     D:2: 1091 daAuts
     D:4: 998 daAuts
     D:5: 784 daAuts
     D:6: 49 daAuts
